 Dungeon Crawl Stone Soup version 0.31-a0-662-g684573625c (webtiles) character file.

Game seed: 10280798340071031115

217 subawu the Ruffian (level 5, -6/41 HPs)
             Began as a Gnoll Shapeshifter on Sept 1, 2023.
             Mangled by a mummy (14 damage)
             ... in an ossuary.
             The game lasted 00:13:36 (3004 turns).

subawu the Ruffian (Gnoll Shapeshifter)             Turns: 3004, Time: 00:13:37

Health: -6/41      AC:  2    Str: 14    XL:     5   Next: 94%
Magic:  7/7        EV: 13    Int: 11    God:
Gold:   217        SH:  0    Dex: 11    Spells: 6/7 levels left

rFire   . .          .
                       - Unarmed
rCold   . . .        (no shield)
rNeg    . . .        a - +0 animal skin
rPois   .            (helmet currently unavailable)
rElec   .            (cloak currently unavailable)
rCorr   .            (gloves currently unavailable)
SInv    .            (boots currently unavailable)
Will    .....        (no amulet)
Stlth   ++           (no ring)
HPRegen 0.26/turn    (no ring)
MPRegen 0.10/turn

%: no passive effects
@: beast-form
A: beast (slay +3), fangs 1, strong nose, distributed training
a: Begin Untransformation


You were in an ossuary.
You were a hulking beast.
You visited 1 branch of the dungeon, and saw 4 of its levels.
You also visited: Ossuary.

You collected 217 gold pieces.

Inventory:

Hand Weapons
 l - a +0 short sword of flaming
Missiles
 e - 53 stones
Armour
 a - a +0 animal skin (worn)
 i - a +0 helmet
 j - the +1 pair of boots of Ethics {Regen+}
   (You found it on level 3 of the Dungeon)

   Regen+:    It increases your rate of health regeneration.
Jewellery
 f - a +5 ring of evasion
 q - a +4 ring of slaying
Talismans
 c - a beast talisman (active)
 d - a flux talisman
Wands
 s - a wand of mindburst (14)
 t - a wand of charming (13)
Scrolls
 g - a scroll of noise
 p - 3 scrolls of identify
Potions
 b - a potion of lignification
 h - a potion of haste
 m - a potion of magic {unknown}
 o - a potion of mutation {unknown}
 u - a potion of heal wounds {unknown}


   Skills:
 + Level 3.1 Fighting
 + Level 1.7 Short Blades
 + Level 1.7 Long Blades
 + Level 1.7 Axes
 + Level 1.7 Maces & Flails
 + Level 1.7 Polearms
 + Level 1.7 Staves
 + Level 1.7 Ranged Weapons
 + Level 1.7 Throwing
 + Level 1.7 Armour
 + Level 4.9 Dodging
 + Level 1.7 Stealth
 + Level 1.7 Shields
 + Level 6.7 Unarmed Combat
 + Level 1.7 Spellcasting
 + Level 1.3 Conjurations
 + Level 1.3 Hexes
 + Level 1.3 Summonings
 + Level 1.3 Necromancy
 + Level 1.3 Translocations
 + Level 1.3 Transmutations
 + Level 1.3 Fire Magic
 + Level 1.3 Ice Magic
 + Level 1.3 Air Magic
 + Level 1.3 Earth Magic
 + Level 1.3 Poison Magic
 + Level 2.0 Invocations
 + Level 1.7 Evocations
 + Level 6.7 Shapeshifting


You had 6 spell levels left.
You knew the following spells:

 Your Spells              Type           Power      Damage    Failure   Level
a - Slow                  Hex            16%        N/A       17%         1

Your spell library contained the following spells:

 Spells                   Type           Power      Damage    Failure   Level
 Call Canine Familiar     Summ           4%         N/A       45%         3
 Confusing Touch          Hex            4%         N/A       45%         3
 Portal Projectile        Hex/Tloc       8%         N/A       45%         3
 Vampiric Draining        Necr           4%         2d6       45%         3
 Leda's Liquefaction      Hex/Erth       2%         N/A       86%         4


Dungeon Overview and Level Annotations

Branches:
Dungeon (4/15)            Ossuary (1/1)
 Temple: D:4-7

Altars:
Fedhas


Innate Abilities, Weirdness & Mutations

You are a hulking beast.
Your limbs bulge with bestial killing power. (Slay +3)
You have very sharp teeth.
Your uncanny sense of smell can sniff out nearby items.
Your experience applies equally to all skills.


Message History

* * * LOW HITPOINT WARNING * * *
The hobgoblin zombie barely misses you. x2; The elf zombie misses you.
The elf zombie hits you.
* * * LOW HITPOINT WARNING * * *
You hit the elf zombie.
The elf zombie is moderately damaged.
The goblin zombie hits you.
* * * LOW HITPOINT WARNING * * *
As you read the scroll labelled USCHUS ZEGEXUUSM, it crumbles to dust.
It is a scroll of brand weapon.
Okay, then.
Your howler monkey skeleton hits the goblin zombie.
The hobgoblin zombie misses you. The elf zombie barely misses you.
The hobgoblin zombie closely misses you.
Your jelly zombie hits the rat zombie.
Your orc wizard skeleton hits the elf zombie but does no damage.
The elf zombie hits you.
* * * LOW HITPOINT WARNING * * *
Blink to where?
Press: ? - help, Q - select action, (/) - cycle Dir - move target A mummy comes into view.
Found four items.
Found a gate leading back out of this place.
As you read the scroll of blinking, it crumbles to dust.
Your howler monkey skeleton hits the goblin zombie.
The goblin zombie hits your howler monkey skeleton.
The elf zombie hits your jelly zombie. The rat zombie bites your jelly zombie.
Your jelly zombie barely misses the rat zombie.
Something hits your orc warrior zombie.
Your orc warrior zombie hits the goblin zombie.
The mummy misses you.
The goblin zombie barely misses your howler monkey skeleton.
The mummy closely misses you.
You open the door.
There is an open door here.
You see here 11 gold pieces.
You see here a potion of lignification.
Your orc warrior zombie hits the elf zombie!
The mummy hits you!
You die...

##############
#!/#..........
#h)#..........
#M##.........#####
#...Z.Z...........
#....Z.Z..........
#...ZZ##..........
#.....##..Z.......
#.....Z...........
#..#...Z..........
#..##.......ZZ.∩..


You could see a mummy, a rat zombie, a goblin zombie, a hobgoblin zombie, an elf
zombie (distracted, ally target), a friendly jelly zombie (summoned), a friendly
orc warrior zombie (summoned), a friendly orc wizard skeleton (summoned) and a
friendly howler monkey skeleton (summoned).

Vanquished Creatures
  An orc priest (D:4)
  An orc wizard (D:4)
  A hound zombie (Ossuary)
  4 gnolls (D:3)
  4 adders
  An ufetubus (D:4)
  A dart slug (D:3)
  An orc (D:4)
  7 ball pythons
  5 endoplasms
  3 giant cockroaches
  8 goblins
  6 hobgoblins
  4 quokkas
  5 bats
  3 frilled lizards (D:2)
  2 hobgoblin zombies (Ossuary)
  2 jackal zombies (Ossuary)
  7 kobolds
66 creatures vanquished.

Notes
Turn   | Place    | Note
-------+----------+-------------------------------------------
     0 | D:1      | subawu the Gnoll Shapeshifter began the quest for the Orb.
     0 | D:1      | Reached XP level 1. HP: 17/17 MP: 1/1
   338 | D:1      | Reached XP level 2. HP: 21/23 MP: 2/2
   991 | D:2      | Reached XP level 3. HP: 17/28 MP: 3/3
  1257 | D:2      | Reached skill level 1 in Invocations
  1654 | D:3      | Reached skill level 1 in Short Blades
  1654 | D:3      | Reached skill level 1 in Long Blades
  1654 | D:3      | Reached skill level 1 in Axes
  1654 | D:3      | Reached skill level 1 in Maces & Flails
  1654 | D:3      | Reached skill level 1 in Polearms
  1654 | D:3      | Reached skill level 1 in Staves
  1654 | D:3      | Reached skill level 1 in Ranged Weapons
  1654 | D:3      | Reached skill level 1 in Throwing
  1654 | D:3      | Reached skill level 1 in Armour
  1654 | D:3      | Reached skill level 1 in Stealth
  1654 | D:3      | Reached skill level 1 in Shields
  1654 | D:3      | Reached skill level 1 in Spellcasting
  1654 | D:3      | Reached skill level 1 in Evocations
  1670 | D:3      | Reached XP level 4. HP: 11/34 MP: 5/5
  1696 | D:3      | Reached skill level 1 in Conjurations
  1696 | D:3      | Reached skill level 1 in Hexes
  1696 | D:3      | Reached skill level 1 in Summonings
  1696 | D:3      | Reached skill level 1 in Necromancy
  1696 | D:3      | Reached skill level 1 in Translocations
  1696 | D:3      | Reached skill level 1 in Transmutations
  1696 | D:3      | Reached skill level 1 in Fire Magic
  1696 | D:3      | Reached skill level 1 in Ice Magic
  1696 | D:3      | Reached skill level 1 in Air Magic
  1696 | D:3      | Reached skill level 1 in Earth Magic
  1696 | D:3      | Reached skill level 1 in Poison Magic
  1978 | D:3      | Identified the +1 pair of boots of Ethics {Regen+}
  2142 | D:3      | Learned a level 1 spell: Slow
  2176 | D:3      | Reached XP level 5. HP: 37/40 MP: 2/7
  2836 | D:4      | Found a blossoming altar of Fedhas.
  2949 | D:4      | Found a sand-covered staircase.
  2972 | Ossuary  | Entered an ossuary
  3004 | Ossuary  | Mangled by a mummy

Illustrated notes

Levels and vault maps discovered:
D:1:      dpeg_arrival_arbitrary_c, layout_basic, nicolae_figureground_pulse
D:2:      layout_loops_ring
D:3:      layout_loops_cross, dk_noncrumbling_2
D:4:      layout_rooms, overflow_temple_1_default,
          nicolae_ru_sacrificial_ziggurat, nicolae_ossuary_entry_ruins,
          st_stairs_8
Ossuary:  ossuary_minmay_tomb_2a

Skill      XL: |  1  2  3  4  5 |
---------------+----------------+-----
Invocations    | 1 2 |  2.0
Short Blades   | 1 |  1.7
Long Blades    | 1 |  1.7
Axes           | 1 |  1.7
Maces & Flails | 1 |  1.7
Polearms       | 1 |  1.7
Staves         | 1 |  1.7
Ranged Weapons | 1 |  1.7
Throwing       | 1 |  1.7
Armour         | 1 |  1.7
Stealth        | 1 |  1.7
Shields        | 1 |  1.7
Spellcasting   | 1 |  1.7
Evocations     | 1 |  1.7
Conjurations   | 1 |  1.3
Hexes          | 1 |  1.3
Summonings     | 1 |  1.3
Necromancy     | 1 |  1.3
Translocations | 1 |  1.3
Transmutations | 1 |  1.3
Fire Magic     | 1 |  1.3
Ice Magic      | 1 |  1.3
Air Magic      | 1 |  1.3
Earth Magic    | 1 |  1.3
Poison Magic   | 1 |  1.3
Fighting       | 3 |  3.1
Dodging        | |  4.9
Unarmed Combat | |  6.7
Shapeshifting  | |  6.7

Action                     |  1- 3 |  4- 6 || total
---------------------------+-------+-------++-------
  Melee: Unarmed           |    86 |    70 ||   156
         Bite              |     4 |     1 ||     5
   Cast: Slow              |       |     3 ||     3
    Use: Scroll            |     6 |     3 ||     9
         Potion            |       |     4 ||     4
   Stab: Sleeping          |     1 |       ||     1
 Armour: Animal skin       |    25 |    62 ||    87
  Dodge: Dodged            |    79 |    73 ||   152
   Form: Flux              |     1 |       ||     1
         Beast             |     1 |       ||     1

Table legend: (Time is in decaauts)
 A = Elapsed time spent in this place.
 B = Non-inter-level travel time spent in this place.
 C = Inter-level travel time spent in this place.
 D = Time resting spent in this place.
 E = Time spent auto-exploring this place.
 F = Levels seen in this place.
 G = Mean time per level.
                   A        B        C        D        E       F      G
               +--------+--------+--------+--------+--------+-----+--------+
         Total |   2965 |   2922 |     43 |    210 |   1462 |   5 |  593.0 |
       Dungeon |   2935 |   2892 |     43 |    210 |   1462 |   4 |  733.8 |
       Ossuary |     30 |     30 |      0 |      0 |      0 |   1 |   30.0 |
               +--------+--------+--------+--------+--------+-----+--------+

Top non-repeatable levels by time:
     D:3: 1030 daAuts
     D:1: 974 daAuts
     D:2: 641 daAuts
     D:4: 288 daAuts
 Ossuary: 30 daAuts
